Cogmind - Beta 13 X1 @@@ ROGUE MODE // 2023.10.15 @ 19:51:10 Player: f3-rnm Result: Destroyed self with Rocket Launcher Performance ------------- Evolutions (1) 500 Regions Visited (6) 1200 Robots Destroyed (52) 260 Value Destroyed (1334) 1334 Prototype IDs (29) 580 Alien Tech Used (0) 0 Bonus (311) 311 TOTAL SCORE: 4185 Bonus ------- High Alert Combat Kills 11 Aligned with FarCom 300 Cogmind --------- Core Integrity 0/400 Matter 251/300 Energy 138/140 System Corruption 0% Temperature Cool (0) Movement Treading (240) Ox1 Location -8/Mines Parts ------- > --- POWER (1) -------- Light Deuterium Engine > --- PROPULSION (2) --- Light Treads Light Treads > --- UTILITY (3) ------ High-capacity Storage Unit > --- WEAPON (3) ------- 8R-AWN's Boregun 8R-AWN's Boregun Rocket Launcher > --- INVENTORY (20) --- Light Nuclear Core Light Nuclear Core Reinforced Deuterium Engine Light Treads Advanced Myomer Leg Improved Heat Sink Improved Heat Sink High-capacity Matter Pod (200) Gravity Neutralizer Experimental Sensor Array Hacking Suite Hacking Suite Hacking Suite Heavy Assault Rifle Light Cannon Heavy Flail Peak State ------------ > --- POWER ------------ Light Deuterium Engine > --- PROPULSION ------- Light Treads Light Treads > --- UTILITY ---------- High-capacity Storage Unit Gravity Neutralizer Experimental Sensor Array > --- WEAPON ----------- 8R-AWN's Boregun 8R-AWN's Boregun Light Cannon > --- INVENTORY -------- Reinforced Deuterium Engine Light Treads High-capacity Matter Pod Heavy Assault Rifle Rocket Launcher Heavy Flail [Rating: 43] Favorites ----------- Power Heavy Ion Engine Engine Heavy Ion Engine Propulsion Light Treads Treads Light Treads Leg Advanced Myomer Leg Utility High-capacity Storage Unit Device Cooling System Storage High-capacity Storage Unit Processor Signal Interpreter Protection Light Armor Plating Weapon Heavy Assault Rifle Energy Cannon Advanced Beam Cannon Ballistic Gun Heavy Assault Rifle Ballistic Cannon Light Cannon Launcher Rocket Launcher Special Weapon Plasma Cutter Build | -11 -10 -10 -9 -9 -9 -8 ------- Run | Jun Mat Min Mat Min Exi Min Slots Evolved 2 | . . . 2 . . . Power . | . . . . . . . Propulsion . | . . . . . . . Utility 1 | . . . 1 . . . Weapon 1 | . . . 1 . . . Parts Attached 57 | 6 2 2 25 . 21 1 Power 7 | 1 . 1 3 . 2 . Engine 7 | 1 . 1 3 . 2 . Core . | . . . . . . . Reactor . | . . . . . . . Propulsion 17 | 2 . . 10 . 5 . Treads 16 | 2 . . 10 . 4 . Leg 1 | . . . . . 1 . Wheel . | . . . . . . . Hover . | . . . . . . . Flight . | . . . . . . . Utility 9 | 1 2 . 3 . 3 . Device 5 | . . . 3 . 2 . Storage 2 | 1 1 . . . . . Processor 1 | . 1 . . . . . Hackware . | . . . . . . . Protection 1 | . . . . . 1 . Artifact . | . . . . . . . Weapon 24 | 2 . 1 9 . 11 1 Energy Gun . | . . . . . . . Energy Cannon 2 | . . . 1 . 1 . Ballistic Gun 16 | 2 . . 7 . 7 . Ballistic Cannon 2 | . . 1 . . 1 . Launcher 3 | . . . 1 . 1 1 Special Weapon 1 | . . . . . 1 . Impact Weapon . | . . . . . . . Slashing Weapon . | . . . . . . . Piercing Weapon . | . . . . . . . Special Melee Weapon . | . . . . . . . Unidentified Prototypes 6 | . . . 2 . 4 . Parts Lost 16 | . . 1 4 . 11 . Power 3 | . . 1 . . 2 . Propulsion 6 | . . . 3 . 3 . Utility 1 | . . . . . 1 . Weapon 6 | . . . 1 . 5 . Highest Loss Streak 5 | . . 1 1 . 5 . To Critical Strikes 6 | . . . . . 6 . Average Slot Usage (%) 96 | . 93 99 95 100 95 77 Engine 11 | . 14 13 11 11 11 11 Treads 23 | . 28 28 21 22 21 22 Device 7 | . . . 9 11 9 . Storage 11 | . 14 14 11 11 11 11 Processor 10 | . 8 14 11 11 8 . Energy Cannon 5 | . . . 6 11 6 . Ballistic Gun 16 | . 28 18 13 11 18 22 Ballistic Cannon 3 | . . 9 5 . 2 . Launcher 5 | . . . 4 11 5 11 Naked Turns . | . . . . . . . Heaviest Build 64 | 13 48 49 61 61 64 . Greatest Support 40 | 40 40 40 40 40 40 . Greatest Overweight (x) 1 | . 1 1 1 1 1 . Average Overweight (x) . | . . 1 1 1 1 . Largest Inventory Capacity 20 | 8 20 20 20 20 20 20 Average Capacity 19 | 6 14 20 20 20 20 20 Most Carried 20 | 4 12 16 20 20 20 16 Average Carried 16 | 1 8 14 19 20 17 16 Final Capacity 20 | 8 20 20 20 20 20 20 Final Carried 20 | 2 12 16 20 20 16 16 Class Distribution -------------------- 77% | Mutant 10% | Gunner 7% | Scavenger-Mutant 4% | Scavenger-Gunner Dominant Class ---------------- Mutant | -10/Materials Mutant | -10/Mines Mutant | -9/Materials Mutant | -9/Mines Mutant | -9/Exiles Mutant | -8/Mines Resources | -11 -10 -10 -9 -9 -9 -8 ----------- Run | Jun Mat Min Mat Min Exi Min Matter Collected 1974 | 219 256 217 638 74 570 . Remotely 250 | . . . 250 . . . Salvage Created 1800 | . 256 306 1047 133 32 26 Parts 110 | . 20 16 63 9 . 2 Haulers Intercepted 5 | . 1 . 4 . . . Recyclers Shooed 3 | . . 1 2 . . . Parts Field Recycled . | . . . . . . . Retrieved Matter . | . . . . . . . Parts Self-Destructed . | . . . . . . . Prevented . | . . . . . . . Kills | -11 -10 -10 -9 -9 -9 -8 ------- Run | Jun Mat Min Mat Min Exi Min Combat Hostiles Destroyed 46 | . 7 4 22 5 5 3 Guns 17 | . 7 1 8 . 1 . Cannons 14 | . . 3 11 . . . AOE 15 | . . . 3 5 4 3 Classes Destroyed 9 | . 3 2 2 1 1 . Worker 1 | . . 1 . . . . Hauler 5 | . 1 . 4 . . . Recycler 3 | . . 2 1 . . . Watcher 1 | . . . 1 . . . Swarmer 12 | . 3 . 6 . . 3 Grunt 21 | . 4 4 9 4 . . Duelist 1 | . . . . 1 . . Sentry 7 | . . . 7 . . . Assembled 4 | . . . . . 4 . Best Kill Streak 5 | . 3 3 5 3 4 3 Combat Bots Only 5 | . 3 2 5 3 4 3 Max Kills in Single Turn 3 | . 1 1 2 2 2 3 Gunslinging . | . . . . . . . Exploded 3 | . . . 2 2 2 3 Melee . | . . . . . . . Uniques/NPCs Destroyed 1 | . . . . . 1 . 8R-AWN (-9/Exiles) Combat | -11 -10 -10 -9 -9 -9 -8 -------- Run | Jun Mat Min Mat Min Exi Min Damage Taken 3198 | . 366 63 1278 35 1408 48 Core 482 | . 36 25 170 12 215 24 Absorbed by Shields . | . . . . . . . Regen/Repaired (Parts) 76 | . . . 76 . . . Core Remaining (%) 87 | 100 . 75 . . . . Volleys Fired 207 | . 34 18 85 6 63 1 Largest 3 | . 2 2 3 1 3 1 Hottest 126 | . 40 55 126 33 88 33 Shots Fired 424 | . 68 36 199 6 114 1 Gun 240 | . 68 18 103 . 51 . Cannon 151 | . . 18 92 . 41 . Launcher 18 | . . . 4 6 7 1 Special 15 | . . . . . 15 . Kinetic 345 | . 68 36 150 . 91 . Thermal 46 | . . . 45 . 1 . Explosive 18 | . . . 4 6 7 1 Electromagnetic . | . . . . . . . Impact 15 | . . . . . 15 . Robot Hit Streak 12 | . 10 4 8 4 11 12 Robot Miss Streak 6 | . 3 4 6 1 3 . Penetration Max . | . . . . . . . Secondary Targets 1 | . 1 . . . . . Max Gunslinging Chain 1 | . 1 . . . . . Shots Hit Robots 261 | . 42 19 118 3 78 1 Core Hits 106 | . 14 12 42 9 26 3 Critical Kills . | . . . . . . . Critical Parts Destroyed 1 | . . . . . 1 . Critical Strikes 8 | . . . 2 . 6 . Destroy 2 | . . . . . 2 . Blast 5 | . . . 2 . 3 . Sever 1 | . . . . . 1 . Melee Attacks . | . . . . . . . Impact . | . . . . . . . Slashing . | . . . . . . . Piercing . | . . . . . . . Sneak Attacks . | . . . . . . . Combat Hostiles . | . . . . . . . Follow-up Attacks . | . . . . . . . Damage Inflicted 4795 | . 434 262 2087 438 1440 134 Guns 1757 | . 434 51 689 . 583 . Cannons 1843 | . . 211 1156 . 476 . Explosions 1088 | . . . 239 438 277 134 Melee . | . . . . . . . Ramming 3 | . . . 3 . . . Kinetic 2948 | . 434 262 1193 . 1059 . Thermal 652 | . . . 652 . . . Explosive 1088 | . . . 239 438 277 134 Electromagnetic . | . . . . . . . Impact 104 | . . . . . 104 . Slashing . | . . . . . . . Piercing . | . . . . . . . Highest Corruption 1 | . 1 1 . . . . Average Corruption 1 | . 1 1 . . . . Corruption Purged . | . . . . . . . Corruption Blocked . | . . . . . . . Effects 12 | . 2 10 . . . . Message Errors 3 | . . 3 . . . . Matter Fused 3 | . . 3 . . . . Heat Flow Errors 1 | . 1 . . . . . Energy Discharges 1 | . 1 . . . . . Misfires 2 | . . 2 . . . . Weapon Failures 2 | . . 2 . . . . Overload Shots . | . . . . . . . Overflow Damage 39 | . . . 33 . 6 . Projectiles . | . . . . . . . Explosions 39 | . . . 33 . 6 . Melee . | . . . . . . . Knockbacks 21 | . . 2 8 . 11 . Impact . | . . . . . . . Kinetic 21 | . . 2 8 . 11 . Secondary . | . . . . . . . Self-Inflicted Damage 119 | . . . . . 95 24 Shots 3 | . . . . . 2 1 Rammed 2 | . . . 1 1 . . Targets Rammed 2 | . . . 1 1 . . Kicked . | . . . . . . . Crushed . | . . . . . . . Highest Temperature 178 | . 85 37 178 . 124 . Average Temperature 36 | . 14 12 41 . 63 . Received Heat Transfer 672 | . 168 36 414 18 36 . Siege Activations . | . . . . . . . Robots Corrupted . | . . . . . . . Combat Hostiles . | . . . . . . . Parts Fried . | . . . . . . . Impact Corruptions . | . . . . . . . Robots Melted . | . . . . . . . Combat Hostiles . | . . . . . . . Parts Melted . | . . . . . . . Heat Transferred 1184 | . . . 1184 . . . Parts Sabotaged . | . . . . . . . Parts Stolen . | . . . . . . . Parts Stripped . | . . . . . . . Power Chain Reactions . | . . . . . . . Missiles Intercepted . | . . . . . . . Alert | -11 -10 -10 -9 -9 -9 -8 ------- Run | Jun Mat Min Mat Min Exi Min Peak Influence 433 | . 192 100 433 237 . 15 Initial 134 | . . 13 21 134 . . Average 97 | . 77 33 191 71 . 7 Maximum Alert Level 2 | . . . 2 1 . . Low Security (%) 79 | 100 100 100 55 77 . 100 Level 1 19 | . . . 41 22 . . Level 2 . | . . . 2 . . . Level 3 . | . . . . . . . Level 4 . | . . . . . . . Level 5 . | . . . . . . . High Security . | . . . . . . . Max Security . | . . . . . . . Squads Dispatched 5 | . 2 . 3 . . . Investigation 2 | . 1 . 1 . . . Extermination . | . . . . . . . Reinforcement 3 | . 1 . 2 . . . Assault . | . . . . . . . Garrison . | . . . . . . . Intercept . | . . . . . . . Searches Triggered . | . . . . . . . Construction Impeded . | . . . . . . . Haulers Reinforced . | . . . . . . . Active Scanning Responses . | . . . . . . . Cargo Convoy Interrupts . | . . . . . . . Stealth | -11 -10 -10 -9 -9 -9 -8 --------- Run | Jun Mat Min Mat Min Exi Min Distress Signals 4 | . 1 . 3 . . . Communications Jammed . | . . . . . . . Distress Signals . | . . . . . . . Times Spotted 65 | . 11 5 32 5 8 4 Peak Tracking Total 9 | . 3 2 5 2 9 4 Tactical Retreats 3 | . 1 1 1 . . . Traps | -11 -10 -10 -9 -9 -9 -8 ------- Run | Jun Mat Min Mat Min Exi Min Traps Triggered 4 | . 2 . 2 . . . Indirectly . | . . . . . . . Trap Hack Attempts . | . . . . . . . Triggered . | . . . . . . . Disarmed . | . . . . . . . Reprogrammed . | . . . . . . . Reused . | . . . . . . . Traps Extracted . | . . . . . . . Installed . | . . . . . . . Triggered . | . . . . . . . Machines | -11 -10 -10 -9 -9 -9 -8 ---------- Run | Jun Mat Min Mat Min Exi Min Machines Disabled 8 | . . 2 1 1 4 . Max in Single Turn 2 | . . 1 1 1 2 . Machines Repaired . | . . . . . . . Machines Sabotaged . | . . . . . . . Overloaded Fab Kills . | . . . . . . . Hacking | -11 -10 -10 -9 -9 -9 -8 --------- Run | Jun Mat Min Mat Min Exi Min Machines Accessed 4 | . 1 . 1 . 2 . Terminals 1 | . 1 . . . . . Fabricators . | . . . . . . . Repair Stations 1 | . . . 1 . . . Recycling Units . | . . . . . . . Scanalyzers . | . . . . . . . Garrison Access . | . . . . . . . Total Hacks 7 | . 2 . 3 . 2 . Successful 4 | . . . 2 . 2 . Failed 3 | . 2 . 1 . . . Catastrophic . | . . . . . . . Database Lockouts . | . . . . . . . Manual 3 | . 2 . . . 1 . Terminals 2 | . 2 . . . . . Fabricators . | . . . . . . . Repair Stations 3 | . . . 3 . . . Recycling Units . | . . . . . . . Scanalyzers . | . . . . . . . Garrison Access . | . . . . . . . Terminal Hacks 2 | . . . . . 2 . Record 1 | . . . . . 1 . Derelict Proto ID Bank 1 | . . . . . 1 . Fabricator Hacks . | . . . . . . . Repair Station Hacks 2 | . . . 2 . . . Scan Component 1 | . . . 1 . . . Repair 1 | . . . 1 . . . Recycling Unit Hacks . | . . . . . . . Scanalyzer . | . . . . . . . Garrison Access Hacks . | . . . . . . . Unauthorized Hacks . | . . . . . . . Terminals . | . . . . . . . Fabricators . | . . . . . . . Repair Stations . | . . . . . . . Recycling Units . | . . . . . . . Scanalyzers . | . . . . . . . Garrison Access . | . . . . . . . Data Cores Recovered . | . . . . . . . Used . | . . . . . . . Hacking Detections 2 | . 1 . 1 . . . Full Trace Events 1 | . . . 1 . . . Feedback Events . | . . . . . . . Feedback Blocked . | . . . . . . . Robot Schematics Acquired . | . . . . . . . Robots Built . | . . . . . . . Authchips . | . . . . . . . Time . | . . . . . . . Total Robot Build Rating . | . . . . . . . Part Schematics Acquired . | . . . . . . . Parts Built . | . . . . . . . Authchips . | . . . . . . . Time . | . . . . . . . Total Part Build Rating . | . . . . . . . Parts Repaired 1 | . . . 1 . . . Time 32 | . . . 32 . . . Parts Recycled . | . . . . . . . Recycled Matter . | . . . . . . . Retrieved Matter . | . . . . . . . Retrieved Components . | . . . . . . . Parts Scanalyzed . | . . . . . . . Part Schematics Acquired . | . . . . . . . Parts Damaged . | . . . . . . . Bothacking | -11 -10 -10 -9 -9 -9 -8 ------------ Run | Jun Mat Min Mat Min Exi Min Used RIF Installer . | . . . . . . . Robots Hacked . | . . . . . . . Non-combat . | . . . . . . . Combat . | . . . . . . . Robot Hacks Applied . | . . . . . . . Relay Couplers Released . | . . . . . . . Fabnet Peak Effective % . | . . . . . . . Robots Rewired . | . . . . . . . Allies Hacked . | . . . . . . . Hacks Repelled . | . . . . . . . Allies | -11 -10 -10 -9 -9 -9 -8 -------- Run | Jun Mat Min Mat Min Exi Min Total Allies 3 | . . . . 3 . . Largest Group 3 | . . . . 3 3 . Highest-Rated Group 40 | . . . . 40 40 . Highest-Rated Ally 16 | . . . . 16 16 . Total Orders 1 | . . . . . 1 . STAY 1 | . . . . . 1 . Ally Attacks 6 | . . . . . 6 . Total Damage 45 | . . . . . 45 . Kills 1 | . . . . . 1 . Allies Corrupted . | . . . . . . . Allies Melted . | . . . . . . . Intel | -11 -10 -10 -9 -9 -9 -8 ------- Run | Jun Mat Min Mat Min Exi Min Robot Analysis Total . | . . . . . . . Derelict Logs Recovered 5 | . . 3 . 2 . . Drone Launches . | . . . . . . . Drone Recoveries . | . . . . . . . Exploration | -11 -10 -10 -9 -9 -9 -8 ------------- Run | Jun Mat Min Mat Min Exi Min Turns Passed 7829 | 80 623 1313 1580 1667 2564 2 Spaces Moved 2993 | 51 267 509 514 686 966 . Core 13 | 13 . . . . . . Treads 2980 | 38 267 509 514 686 966 . Legs . | . . . . . . . Wheels . | . . . . . . . Hover . | . . . . . . . Flight . | . . . . . . . Fastest Speed 50 | 50 160 240 240 240 240 . Average Speed 233 | 131 193 240 240 240 240 . Slowest Speed 240 | 160 240 240 240 240 240 . Overloaded Moves . | . . . . . . . Propulsion Burnouts . | . . . . . . . Robots Hopped . | . . . . . . . Cave-ins Triggered . | . . . . . . . Exploration Rate (%) 54 | 4 39 98 51 97 89 4 Regions Visited 6 Branch Regions 4 Pre-discovered Areas 2 | . . . . 1 1 . Known Exits Taken 5 | . 1 1 1 1 1 . Unknown Exits Taken 1 | 1 . . . . . . Scrap Searched 4 | . . 2 . 2 . . Spaces Dug . | . . . . . . . Terrain Destroyed 144 | . . . 25 67 46 6 Melee . | . . . . . . . Projectile 7 | . . . . . 7 . AOE 137 | . . . 25 67 39 6 Terrain Rammed . | . . . . . . . Walls Destroyed . | . . . . . . . Machines Disabled . | . . . . . . . Actions | -11 -10 -10 -9 -9 -9 -8 --------- Run | Jun Mat Min Mat Min Exi Min Total 3453 | 64 315 568 709 702 1093 2 Wait 103 | . . 35 45 8 15 . Move 2987 | 50 266 508 513 685 965 . Hop . | . . . . . . . Pick Up 61 | 8 11 5 19 1 17 . Fast Attach 8 | . 1 . 7 . . . Attach 25 | 6 . 1 6 . 12 . Detach 2 | . . . . . 2 . Swap 24 | . 1 1 12 . 9 1 Drop 34 | . 2 . 21 1 10 . Fire 207 | . 34 18 85 6 63 1 Melee . | . . . . . . . Ram . | . . . . . . . Kick . | . . . . . . . Crush 2 | . . . 1 1 . . Escape Stasis . | . . . . . . . Rewire . | . . . . . . . Trap . | . . . . . . . Miscellaneous . | . . . . . . . Route ------- -11/Junkyard -10/Materials (discovered 3 exits: *Mat x2 / *Min) -10/Mines (discovered 2 exits: *Mat x2) -9/Materials (discovered 4 exits: *Mat x3 / *Min) -9/Mines (discovered 3 exits: *Mat x2 / *Exi) -9/Exiles -8/Mines History --------- Turn | Location | Event 18 | -11/Junkyard | Discovered new exit (range 15) 81 | -11/Junkyard | Entered Materials 86 | -10/Materials | Discovered new exit (range 16) 278 | -10/Materials | Discovered new exit (range 16) 314 | -10/Materials | Build established: Mutant 358 | -10/Materials | Identified exit to Materials 474 | -10/Materials | Discovered exit to Materials (range 7) 702 | -10/Materials | Identified exit to Mines 704 | -10/Materials | Entered Mines 760 | -10/Mines | Learned location of 1 exit from Materials 779 | -10/Mines | Found a damaged Exp. Sensor Array with a note attached 786 | -10/Mines | Found Prototype Device 818 | -10/Mines | Learned location of 1 exit from Materials 840 | -10/Mines | Received a Rocket Launcher from a helpful Derelict 1023 | -10/Mines | Learned Materials trap positions 1054 | -10/Mines | Discovered exit to Materials (range 8) 1675 | -10/Mines | Discovered exit to Materials (range 16) 2017 | -10/Mines | Entered Materials 2017 | -9/Materials | Evolved 2 slots: Utility x1, Weapon x1 2018 | -9/Materials | Identified exit to Materials 2019 | -9/Materials | Loaded intel: 21 trap records 2606 | -9/Materials | Build established: Gunner 2689 | -9/Materials | Discovered new exit (range 7) 3168 | -9/Materials | Discovered exit to Materials (range 16) 3359 | -9/Materials | Build established: Mutant 3571 | -9/Materials | Repaired Hvy. Assault Rifle 3594 | -9/Materials | Identified exit to Mines 3597 | -9/Materials | Entered Mines 3598 | -9/Mines | Learned location of Storage (-7) 3905 | -9/Mines | Found a hidden stash of uninstalled traps 3931 | -9/Mines | Discovered exit to Materials (range 6) 3977 | -9/Mines | Deemed a non-threat by the Exiles lab entrance 3977 | -9/Mines | Discovered new exit (range 5) 4542 | -9/Mines | Assisted by bots powering up and referring to "LRC-V3" 5027 | -9/Mines | Discovered exit to Materials (range 7) 5262 | -9/Mines | Identified exit to Exiles 5264 | -9/Mines | Entered Exiles 5264 | -9/Exiles | Accompanied by 3 allies 5332 | -9/Exiles | Met 8R-AWN 5360 | -9/Exiles | Met EX-HEX 5449 | -9/Exiles | Met EX-BIN 5476 | -9/Exiles | Aligned with FarCom system 5478 | -9/Exiles | Given EX-Vault access code 5540 | -9/Exiles | Opened EX-Vault 5689 | -9/Exiles | Warned to stay clear of 0b10 Research branches 5773 | -9/Exiles | Learned location of Zion (-7) 5776 | -9/Exiles | Met EX-DEC 6000 | -9/Exiles | Visited The Gauntlet 6366 | -9/Exiles | Discovered new exit (range 10) 6392 | -9/Exiles | Identified exit to Mines 7136 | -9/Exiles | Build established: Scavenger-Mutant 7216 | -9/Exiles | Attacked by the Exiles 7300 | -9/Exiles | Lost 3 parts (1p2w) 7315 | -9/Exiles | Core integrity fell below 50% 7355 | -9/Exiles | Core integrity fell below 20% 7393 | -9/Exiles | Lost 5 parts (1p2n2w) 7456 | -9/Exiles | Found Prototype Ballistic Gun 7457 | -9/Exiles | Identified 8R-AWN's Boregun 7506 | -9/Exiles | Lost 3 parts (1n1u1w) 7507 | -9/Exiles | Destroyed 8R-AWN 7537 | -9/Exiles | Found 8R-AWN's Boregun 7563 | -9/Exiles | Identified Exp. Sensor Array 7750 | -9/Exiles | Build established: Gunner 7828 | -9/Exiles | Entered Mines 7830 | -8/Mines | Destroyed self with Rocket Launcher Last Messages --------------- 07527_ Acquired 2 matter. 07529_ Acquired 26 matter. 07537_ Acquired 8R-AWN's Boregun. 07561_ Acquired Prototype Device. 07562_ Identified Gravity Neutralizer. 07563_ Identified Exp. Sensor Array. 07574_ Acquired Prototype Leg. 07575_ Identified Adv. Myomer Leg. 07586_ Acquired 60 matter. 07612_ Acquired 2 matter. 07617_ Acquired 4 matter. 07624_ Acquired 10 matter. 07653_ Acquired Imp. Heat Sink. 07657_ The unstable cave ceiling collapses. 07659_ Acquired Lgt. Nuclear Core. 07670_ Acquired Imp. Heat Sink. 07695_ Acquired Hacking Suite. LOCATION=MINES GOAL=ESCAPE 07830_ S-10 Pest destroyed. Map ----- +----------------------------------------------------+ | ???????????????????????????????? | | ???????????????????????????????? | | ???????????????????????????????? | | ???????????????????????????????? | | ???????????????????????????????? | | ???????????????????????????????? | | ???????????????????????????????? | | ???????????????????????????????? | | ???????????????????????????????? | | ???????????????????????????????? | | ???????????????????????????????? | | ???????????????????????????????? | | ???????????????????????????????? | | ???????????????????????????????? | | ???????????????????????????????? | | ???????????????????????????????? | | ???????????????????????????????? | | ???##??????????????????????????? | | ??## #?????????????????????????? | | ??# #????????????????????????? | | ?## ####????????????????????? | | ?# #????????????????????? | | ?# #????????????????????? | | ?# #????????????????????? | | ?# #?????????????????????? | | ?# %[ @ #?????????????????????? | | ??#%*% #????????????????????? | | ??# s ???????????????????? | | ??### ### ?????????????????? | | ????# ???# ##????????????????? | | ????# ????###?????????????????? | | ????# ????????????????????????? | | ????# ????????????????????????? | | ????# ????????????????????????? | | ????# ?????????????????????????? | | ????# ?????????????????????????? | | ????# ?????????????????????????? | | ????# ?????????????????????????? | | ????# ?????????????????????????? | | ????#??????????????????????????? | | ???????????????????????????????? | | ???????????????????????????????? | | ???????????????????????????????? | | ???????????????????????????????? | | ???????????????????????????????? | | ???????????????????????????????? | | ???????????????????????????????? | | ???????????????????????????????? | | ???????????????????????????????? | | ???????????????????????????????? | +----------------------------------------------------+ Best States ------------- Heat Dissipation 50 Energy Generation 14 Energy Capacity 280 Matter Stores 300 Matter Capacity 300 Sight Range 16 Terrain Scan Density 10 Armor Coverage 150 Evasion (%) 50 Recoil Reduction 2 Item Schematics ----------------- None Robot Schematics ------------------ None Fabricated ------------ Nothing Alien Tech Used ----------------- None Achievements -------------- None Challenges ------------ None Game ------ Seed NullSurgeFacilitator Manual? 0 Play Time 00:22:43 Cumulative 101.6 hours Start 2023.10.15 @ 19:26:31 End 2023.10.15 @ 19:51:10 Sessions 1 Manual Loads 0 Difficulty Rogue Special Mode None Game No. 104 Rogue 68 Adventurer 36 Explorer 0 Win Type - Total 7 Types 2/0/5/0/0/0/0/0/0 Lore% 50 Gallery% 72 Achievement% 61 Wizard Run 0 Options --------- ASCII 0 Keyboard 0 Movement Mouse Keybinds 0 Fullscreen 1 Font 18/SmallcapsGlow Map View 76x50 Tactical HUD 1 Map Filters NONE Filters NONE Steam 1 RUN: fec1ab6c-6f01-41cc-a5f1-b0664bf6afc4